 Dungeon Crawl Stone Soup version 0.23.2-1-ga50397a6bc (webtiles) character file.

Game seed: 3840610560629499574

214 Mrkan the Shield-Bearer (level 5, -1/32 HPs)
             Began as a Gargoyle Fighter on May 24, 2019.
             Was an Initiate of Qazlal.
             Killed from afar by Natasha (6 damage)
             ... with a magic dart
             ... on level 3 of the Dungeon.
             The game lasted 00:04:50 (2407 turns).

Mrkan the Shield-Bearer (Gargoyle Fighter)          Turns: 2407, Time: 00:04:51

Health: -1/32      AC: 12    Str: 26    XL:     5   Next: 91%
Magic:  5/5        EV: 10    Int:  8    God:    Qazlal [......]
Gold:   175        SH: 10    Dex:  9    Spells: 4/4 levels left

rFire    . . .     SeeInvis .   v - +1 flail (protect)
rCold    . . .     Gourm    .   c - +0 shield
rNeg     + . .     Faith    .   b - +0 scale mail
rPois    ∞         Spirit   .   s - +0 helmet
rElec    +         Reflect  .   (no cloak)
rCorr    .         Harm     .   (no gloves)
MR       .....                  (no boots)
Stlth    ..........             (no amulet)
HPRegen  0.10/turn              p - +2 ring of evasion
MPRegen  0.09/turn              (no ring)

@: mighty
A: negative energy resistance 1, electricity resistance, unbreathing,
petrification resistance, rot immunity, AC +4
a: Renounce Religion


You were on level 3 of the Dungeon.
You worshipped Qazlal.
Qazlal was noncommittal.
You were hungry.

You visited 1 branch of the dungeon, and saw 3 of its levels.

You collected 175 gold pieces.

Inventory:

Hand Weapons
 a - a +0 flail
 v - a +1 flail of protection (weapon)
Armour
 b - a +0 scale mail (worn)
 c - a +0 shield (worn)
 s - a +0 helmet (worn)
Magical Staves
 y - an uncursed staff of poison {unknown}
Jewellery
 p - a +2 ring of evasion (left hand)
 t - a +2 ring of protection
 x - an uncursed ring of positive energy {unknown}
Scrolls
 e - a scroll of magic mapping {unknown}
 g - a scroll of remove curse {unknown}
 h - a scroll of amnesia {unknown}
 i - a scroll of enchant armour {unknown}
 j - a scroll of enchant weapon {unknown}
 l - 4 scrolls of teleportation {unknown}
 n - 2 scrolls of identify {unknown}
 q - a scroll of immolation {unknown}
Potions
 k - a potion of degeneration {unknown}
 m - a potion of brilliance {unknown}
 o - 2 potions of curing {unknown}
 r - a potion of flight {unknown}
 u - 4 potions of heal wounds {unknown}
 z - a potion of ambrosia {unknown}
Comestibles
 f - 6 rations
 w - 9 chunks of flesh


   Skills:
 - Level 3.2 Fighting
 + Level 4.3 Maces & Flails
 - Level 3.2 Armour
 + Level 5.3 Shields
 + Level 1.0 Invocations


You had 4 spell levels left.
You didn't know any spells.
Your spell library contained the following spells:

 Spells                   Type           Power        Failure   Level  Hunger
 Confusing Touch          Hex            #.....       98%         1    ##.....
 Confuse                  Hex            #.......     100%        3    ####...
 Gell's Gravitas          Tloc           #.........   100%        3    ####...
 Petrify                  Tmut/Erth      #.......     100%        4    #####..
 Metabolic Englaciation   Hex/Ice        #.........   100%        5    ######.
 Yara's Violent Unravell  Hex/Tmut       #.........   100%        5    ######.


Dungeon Overview and Level Annotations

Branches:
Dungeon (3/15)

Altars:
Qazlal
Vehumet

Annotations:
D:3 Natasha


Innate Abilities, Weirdness & Mutations

You are resistant to torment.
Your stone body is resilient. (AC +4)
You are immune to poison.
You resist negative energy. (rN+)
You are resistant to electric shocks. (rElec)
You can survive without breathing.
You are immune to petrification.
You are immune to rotting.


Message History

Natasha is moderately wounded.
Natasha claws you but does no damage. x2
You closely miss Natasha.
Natasha is moderately wounded.
Natasha claws you but does no damage. You block Natasha's attack.
Okay, then.
You feel very mighty all of a sudden. Natasha claws you but does no damage.
You barely miss Natasha.
Natasha is moderately wounded.
You feel yourself speed up. You block Natasha's attack.
Natasha claws you but does no damage.
You are feeling hungry.
You barely miss Natasha.
Natasha is moderately wounded.
The shadow imp disappears in a puff of smoke!
You block Natasha's attack. Natasha casts a spell at you.
The magic dart hits you.
You die...

#.......)......#
###.#####
#.......##########.# #.#
.#.....## #.# #.#
#.##### #.# #.##### #.
###.######...... # ##
#...........#### ##.#
#.#...>.....# #
##...####.#.###.....####
#....§h@....# ####..##.#
##...####.### ####..#.#.
##.# #.# #......... #.
#.# #.#.#.#... # #<#
##.#...#..# #.#
#..#####..# #.# #..#
#.## .. #.# #..#####.# #
.). #.# #........#


You could see Natasha.

Vanquished Creatures
  Jessica (D:2)
  Robin (D:2)
  6 adders
  4 gnolls (D:2)
  A worm (D:2)
  4 dart slugs
  3 leopard geckos
  2 giant cockroaches
  10 goblins
  6 hobgoblins (D:2)
  7 jackals
  15 kobolds
  7 bats
  3 frilled lizards
  5 rats
75 creatures vanquished.

Notes
Turn   | Place    | Note
-------+----------+-------------------------------------------
     0 | D:1      | Mrkan the Gargoyle Fighter began the quest for the Orb.
     0 | D:1      | Reached XP level 1. HP: 14/14 MP: 1/1
   176 | D:1      | Reached XP level 2. HP: 15/19 MP: 2/2
   364 | D:1      | Reached skill level 4 in Shields
   364 | D:1      | Reached XP level 3. HP: 22/23 MP: 3/3
  1144 | D:2      | Reached XP level 4. HP: 12/28 MP: 4/4
  1278 | D:2      | Found a stormy altar of Qazlal.
  1445 | D:2      | Found a radiant altar of Vehumet.
  1446 | D:2      | Noticed Jessica
  1451 | D:2      | Killed Jessica
  1470 | D:2      | Noticed Robin
  1484 | D:2      | Killed Robin
  1746 | D:2      | Reached XP level 5. HP: 27/32 MP: 5/5
  1751 | D:2      | Reached skill level 5 in Shields
  1790 | D:2      | Became a worshipper of Qazlal Stormbringer
  2253 | D:3      | Reached skill level 1 in Invocations
  2382 | D:3      | Noticed Natasha
  2407 | D:3      | Killed from afar by Natasha

Skill      XL: |  1  2  3  4  5 |
---------------+----------------+-----
Shields        | 4 5 |  5.3
Maces & Flails | 3 4 |  4.3
Invocations    | 1 |  1.0
Fighting       | |  3.2
Armour         | |  3.2

Action                   |  1- 3 |  4- 6 || total
-------------------------+-------+-------++-------
Melee: Flail             |   148 |   147 ||   295
  Use: Potion            |       |     1 ||     1
  Eat: Chunk             |     1 |     4 ||     5
Armor: Scale mail        |    92 |    73 ||   165
Dodge: Dodged            |    43 |    51 ||    94
Block: Shield            |    82 |    99 ||   181
